 Dungeon Crawl Stone Soup version 0.30-a0-377-g5cb311bc9f (webtiles) character file.

Game seed: 9839891715347600938

73 drugrobin the Sneak (level 3, -2/30 HPs)
             Began as a Demigod Delver on Dec 1, 2022.
             Slain by Natasha (7 damage)
             ... on level 2 of the Dungeon.
             The game lasted 00:04:53 (1540 turns).

drugrobin the Sneak (Demigod Delver)                Turns: 1540, Time: 00:04:54

Health: -2/30      AC:  4    Str: 13    XL:     3   Next: 83%
Magic:  5/5        EV: 12    Int: 12    God:
Gold:   18         SH:  0    Dex: 19    Spells: 2/2 levels left

rFire   . . .      SeeInvis .    a - +0 short sword
rCold   . . .      Faith    .    (no shield)
rNeg    . . .      Spirit   .    b - +0 leather armour
rPois   .          Reflect  .    (no helmet)
rElec   .          Harm     .    (no cloak)
rCorr   .          Rampage  .    l - +0 pair of gloves
Will    .....                    (no boots)
Stlth   +++.......               (no amulet)
HPRegen 0.25/turn                (no ring)
MPRegen 0.09/turn                (no ring)

@: attractive
A: high MP 1, forlorn, divine attributes
a: no special abilities


You were on level 2 of the Dungeon.
You visited 1 branch of the dungeon, and saw 5 of its levels.

You collected 18 gold pieces.

Inventory:

Hand Weapons
 a - a +0 short sword (weapon)
 i - a +0 quarterstaff
Missiles
 h - 17 stones (quivered)
Armour
 b - a +0 leather armour (worn)
 l - a +0 pair of gloves (worn)
Wands
 g - a wand of digging (1)
Scrolls
 c - a scroll of fog
 d - 2 scrolls of identify {unknown}
 n - a scroll of teleportation {unknown}
 o - a scroll of noise {unknown}
 p - a scroll of immolation {unknown}
 r - a scroll of vulnerability {unknown}
Potions
 f - a potion of haste
 j - a potion of resistance {unknown}
 k - 2 potions of attraction
 m - a potion of curing
 q - a potion of flight {unknown}


   Skills:
 - Level 2.6 Fighting
 + Level 4.0 Short Blades
 - Level 1.7 Dodging
 - Level 4.5 Stealth


You had 2 spell levels left.
You didn't know any spells.
Your spell library contained the following spells:

 Spells                   Type           Power      Damage    Failure   Level
 Cigotuvi's Dreadful Rot  Necr/Pois/Air  0%         N/A       54%         2
 Poisonous Vapours        Pois/Air       0%         N/A       54%         2
 Mephitic Cloud           Conj/Pois/Air  0%         N/A       77%         3


Dungeon Overview and Level Annotations

Branches:
Dungeon (5/15)
 Temple: D:4-7

Annotations:
D:2 Jessica, Natasha


Innate Abilities, Weirdness & Mutations

You have an increased reservoir of magic. (+10% MP)
You shall have no god before yourself.
Your divine heritage dramatically boosts your attributes as you level up.


Message History

You hit Natasha but do no damage.
Natasha is moderately wounded.
Natasha claws you.
Unknown command.
You miss Natasha.
Natasha is moderately wounded.
Natasha closely misses you.
Unknown command.
You hit Natasha.
Natasha is severely wounded.
Natasha claws you!
* * * LOW HITPOINT WARNING * * *
Unknown command.
Unknown command.
Unknown command.
Unknown command.
Unknown command.
It was a potion of attraction.
You feel attractive to monsters.
Natasha stares at you and mumbles some strange words.
You resist with some effort.
Unknown command.
Unknown command.
It was a potion of curing.
You feel better. Natasha claws you!
* * * LOW HITPOINT WARNING * * *
You closely miss Natasha.
Natasha is severely wounded.
Unknown command.
Unknown command.
Unknown command.
Unknown command.
You hit Natasha.
Natasha is severely wounded.
Natasha closely misses you.
Unknown command.
Unknown command.
You closely miss Natasha. You punch Natasha.
Natasha is almost dead.
Natasha claws you!
You die...

###†#.# ..... #.....#
...... #.#.###
#........####.#<#
#........+....#######
#........#####.....)#
#...................#
.#.........h.........#
...........@.........#
.....................#
>......†.............#
.#[.........###......#
#).........# ########
#..........#
############


You could see Natasha.

Vanquished Creatures
  Natasha (D:2)
  2 adders (D:2)
  2 dart slugs
  An endoplasm (D:2)
  A giant cockroach (D:2)
  3 hobgoblins (D:1)
  A quokka (D:1)
  3 ball pythons
  3 bats (D:1)
  A frilled lizard (D:1)
  3 goblins (D:1)
  2 kobolds
  7 rats (D:1)
30 creatures vanquished.

Notes
Turn   | Place    | Note
-------+----------+-------------------------------------------
     0 | D:5      | drugrobin the Demigod Delver began the quest for the Orb.
     0 | D:5      | Reached XP level 1. HP: 18/18 MP: 3/3
    36 | D:5      | Noticed a jelly
    41 | D:4      | Noticed a lemure
   113 | D:4      | Noticed a lemure
   122 | D:4      | Noticed a hound
   570 | D:1      | Reached XP level 2. HP: 21/25 MP: 4/4
  1366 | D:2      | Noticed Natasha
  1369 | D:2      | Killed Natasha
  1370 | D:2      | Reached XP level 3. HP: 30/30 MP: 5/5
  1374 | D:2      | Noticed Jessica
  1516 | D:2      | Noticed Natasha
  1540 | D:2      | Slain by Natasha

Illustrated notes

Levels and vault maps discovered:
D:1:      amcnicky_arrival_blooded_trapdoor, layout_basic
D:2:      layout_basic, minmay_pentomino_u4, uniq_natasha, uniq_jessica,
          uniq_terence, uniq_robin
D:3:      layout_rooms, nicolae_ru_great_annihilating_truth, marbit_many_paths,
          grunt_ministairs_12, uniq_sigmund, uniq_crazy_yiuf_cottage
D:4:      layout_loops_ring, nicolae_wu_jian_glorious_leap,
          minmay_temple_entry_junction, kennysheep_small_circle, uniq_menkaure,
          uniq_grinder, uniq_duvessa, uniq_pikel, uniq_eustachio
D:5:      layout_loops_ring, mainiacjoe_overflow_tiny_flanked

Skill      XL: |  1  2  3 |
---------------+----------+-----
Short Blades   | 2 3 4 |  4.0
Fighting       | |  2.6
Dodging        | |  1.7
Stealth        | |  4.5

Action                   || total
-------------------------++-------
Melee: Short sword       ||   102
       Punch             ||     1
Throw: Stone             ||     6
Evoke: Wand              ||     2
  Use: Scroll            ||     2
       Potion            ||     3
 Stab: Sleeping          ||     8
Armor: Leather armour    ||    16
Dodge: Dodged            ||    55

Table legend: (Time is in decaauts)
 A = Elapsed time spent in this place.
 B = Non-inter-level travel time spent in this place.
 C = Inter-level travel time spent in this place.
 D = Time resting spent in this place.
 E = Time spent auto-exploring this place.
 F = Levels seen in this place.
 G = Mean time per level.
                   A        B        C        D        E       F      G
               +--------+--------+--------+--------+--------+-----+--------+
         Total |   1510 |   1444 |     66 |    162 |    731 |   5 |  302.0 |
       Dungeon |   1510 |   1444 |     66 |    162 |    731 |   5 |  302.0 |
               +--------+--------+--------+--------+--------+-----+--------+

Top non-repeatable levels by time:
     D:1: 1059 daAuts
     D:2: 227 daAuts
     D:4: 120 daAuts
     D:3: 64 daAuts
     D:5: 38 daAuts
